Map: Interloper LE

Players

quik - Winner!

  • Race: Zerg Zerg
  • League: Silver
  • Spawn Location: 5:00

A.I. 1 (Very Hard)

  • Race: Protoss Protoss
  • Spawn Location: 11:00

VOD

Have the link to the VOD?

Description

Time

  • Played on: Nov. 3, 2017, 5:19 a.m.
  • Length: 13:10
Show
View Real Time Build Order
Export as new Build Order

quik Zerg - Winner!

Build Orders: Pool First 

Get SALT Encoding   

  12  0:01  Drone  
  13  0:15  Overlord  
  13  0:22  Drone  
  14  0:35  Drone x2  
  16  0:45  Drone  
  17  0:53  Spawning Pool  
  17  0:56  Drone  
  17  1:14  Hatchery  
  16  1:19  Drone  
  16  1:22  Extractor  
  16  1:23  Drone  
  17  1:33  Drone  
  18  1:43  Drone  
  19  1:50  Drone  
  20  2:00  Drone  
  21  2:11  Overlord  
  21  2:28  Drone  
  22  2:31  Zergling x2  
  22  2:35  Zergling x2  
  24  2:42  Queen  
  26  2:44  Queen  
  26  2:49  Metabolic Boost  
  28  2:58  Drone x2  
  30  2:59  Overlord  
  30  3:05  Drone x2  
  32  3:16  Drone  
  32  3:17  Drone  
  34  3:21  Drone x2  
  36  3:30  Drone  
  36  3:32  Drone  
  38  3:38  Roach Warren  
  38  3:40  Drone  
  38  4:03  Drone x3  
  38  4:04  Overlord, Drone  
  38  4:08  Zergling x4  
  44  4:19  Overlord  
  44  4:28  Queen  
  46  4:34  Drone x4  
  50  4:41  Extractor  
  50  4:43  Extractor  
  48  4:51  Drone x2  
  50  5:06  Evolution Chamber x2  
  48  5:07  Drone  
  48  5:08  Drone x2  
  48  5:09  Drone x2  
  48  5:10  Drone, Hatchery  
  53  5:19  Extractor  
  51  5:50  Zerg Missile Weapons Level 1  
  51  5:51  Zerg Ground Armor Level 1  
  51  5:56  Lair  
  51  5:58  Roach x2  
  51  5:59  Roach x2  
  51  6:02  Overlord x8  
  59  6:25  Drone x3  
  62  6:28  Drone  
  62  6:29  Drone x3  
  62  6:31  Roach x2  
  70  6:44  Roach x10  
  90  6:56  Infestation Pit  
  90  6:57  Roach x2  
  90  6:58  Roach x3  
  99  7:06  Overlord  
  99  7:07  Overlord x2  
  99  7:15  Roach x7  
  113  7:35  Hive  
  113  7:36  Roach  
  127  7:37  Roach x7  
  129  7:45  Zerg Missile Weapons Level 2  
  129  7:47  Glial Reconstitution  
  129  7:58  Zerg Ground Armor Level 2  
  129  8:00  Drone  
  129  8:01  Drone x9  
  139  8:10  Drone  
  139  8:11  Drone x2  
  142  8:13  Drone x3  
  143  8:32  Extractor  
  132  8:37  Extractor  
  99  8:50  Roach  
  99  8:51  Roach x15  
  123  9:17  Pneumatized Carapace  
  123  9:22  Overseer  
  123  9:23  Overseer x2  
  123  9:32  Roach x13  
  149  9:45  Overseer  
  149  10:02  Hydralisk Den  
  148  10:08  Zerg Missile Weapons Level 3  
  148  10:10  Roach x3  
  148  10:12  Overlord  
  148  10:13  Overlord x11  
  154  10:31  Hydralisk x2  
  154  10:32  Hydralisk x2  
  162  10:53  Hydralisk x11  
  184  10:59  Muscular Augments  
  152  11:33  Roach  
  152  11:34  Roach x19  
  188  11:53  Roach  
  196  11:54  Roach x3  
  192  12:13  Roach  
  192  12:14  Roach x3  
Show
View Real Time Build Order
Export as new Build Order

A.I. 1 (Very Hard) Protoss 

Build Orders: Zealot Archon 

Get SALT Encoding   

  12  0:01  Probe (Chrono Boost)  
  13  0:11  Probe (Chrono Boost)  
  14  0:20  Pylon  
  14  0:22  Probe (Chrono Boost)  
  15  0:38  Probe (Chrono Boost)  
  16  0:47  Assimilator  
  16  0:49  Probe (Chrono Boost)  
  17  0:51  Gateway  
  17  0:59  Probe (Chrono Boost), Pylon  
  18  1:10  Probe (Chrono Boost)  
  19  1:20  Probe (Chrono Boost)  
  20  1:31  Probe (Chrono Boost)  
  21  1:37  Zealot, Gateway  
  23  1:41  Cybernetics Core  
  23  1:42  Probe (Chrono Boost)  
  24  1:50  Pylon  
  24  1:54  Probe (Chrono Boost)  
  25  2:03  Zealot  
  25  2:04  Assimilator  
  27  2:09  Probe (Chrono Boost)  
  27  2:14  Warp Gate  
  28  2:21  Probe (Chrono Boost)  
  29  2:23  Adept  
  31  2:30  Adept  
  33  2:39  Robotics Facility  
  33  2:41  Probe (Chrono Boost)  
  34  2:50  Adept  
  36  2:55  Adept  
  38  3:02  Pylon  
  38  3:03  Probe (Chrono Boost)  
  39  3:18  Adept  
  41  3:22  Sentry  
  41  3:24  Immortal  
  47  3:33  Pylon  
  47  3:49  Stalker  
  47  3:50  Stalker  
  51  3:58  Pylon  
  51  4:04  Immortal  
  55  4:15  Pylon  
  55  4:24  Twilight Council  
  55  4:29  Adept  
  57  5:07  Templar Archives  
  57  5:15  Zealot  
  57  5:16  Gateway  
  59  5:27  Nexus  
  59  5:46  High Templar  
  61  5:52  High Templar  
  63  5:58  Archon  
  63  6:03  Pylon  
  63  6:21  High Templar  
  63  6:24  Forge  
  65  6:32  Forge  
  67  6:40  Probe x2 (Chrono Boost)  
  67  6:42  Gateway  
  67  6:47  Assimilator  
  67  6:49  High Templar  
  67  6:51  Assimilator, Probe (Chrono Boost)  
  67  6:52  Probe (Chrono Boost)  
  71  6:58  Stalker  
  73  7:02  Probe (Chrono Boost)  
  73  7:04  Probe (Chrono Boost)  
  73  7:07  Stalker  
  77  7:13  Probe (Chrono Boost)  
  79  7:16  Probe (Chrono Boost)  
  79  7:17  Observer  
  80  7:24  Stalker  
  80  7:25  Probe (Chrono Boost)  
  80  7:27  Probe (Chrono Boost)  
  80  7:29  Stalker  
  86  7:31  Pylon  
  86  7:34  Stalker  
  86  7:36  Probe (Chrono Boost)  
  89  7:39  Stalker, Probe (Chrono Boost)  
  92  7:48  Probe (Chrono Boost), Sentry  
  92  7:50  Probe (Chrono Boost), Pylon  
  96  7:53  Stalker  
  96  7:57  Stalker  
  100  8:00  Probe (Chrono Boost)  
  100  8:02  Probe (Chrono Boost)  
  102  8:11  Probe (Chrono Boost)  
  103  8:13  Pylon  
  103  8:19  Stalker x2, Sentry  
  109  8:24  Zealot  
  90  8:41  Zealot  
  89  8:45  Zealot  
  73  8:49  Adept, Archon  
  73  8:50  Nexus  
  73  8:51  High Templar  
  71  8:58  Probe (Chrono Boost)  
  71  8:59  High Templar  
  66  9:03  Adept  
  66  9:07  Stalker  
  68  9:13  Archon  
  68  9:22  Stalker, High Templar  
  72  9:28  High Templar  
  72  9:30  Zealot  
  76  9:43  Zealot  
  76  9:45  Archon  
  78  9:48  Zealot  
  78  9:52  High Templar  
  82  9:57  Zealot  
  84  10:02  Stalker  
  84  10:03  Probe (Chrono Boost)  
  84  10:04  Probe x2 (Chrono Boost)  
  89  10:07  Zealot  
  89  10:11  Assimilator  
  92  10:15  Probe (Chrono Boost)  
  92  10:16  Assimilator, Probe (Chrono Boost)  
  92  10:17  Stalker  
  92  10:18  Probe (Chrono Boost)  
  96  10:23  Zealot, Sentry  
  96  10:26  Stalker  
  96  10:27  Probe (Chrono Boost)  
  96  10:28  Probe (Chrono Boost)  
  104  10:30  Probe (Chrono Boost)  
  105  10:38  High Templar, Probe (Chrono Boost)  
  105  10:40  Probe (Chrono Boost)  
  105  10:41  Probe (Chrono Boost)  
  110  10:43  Zealot  
  110  10:44  Zealot  
  110  10:46  Pylon  
  110  10:48  Zealot  
  110  10:49  Probe (Chrono Boost)  
  117  10:51  Probe (Chrono Boost)  
  117  10:52  Probe (Chrono Boost)  
  117  10:54  Archon  
  119  11:01  Zealot, Probe (Chrono Boost)  
  119  11:02  Probe (Chrono Boost)  
  119  11:03  Zealot  
  126  11:04  Probe (Chrono Boost)  
  126  11:07  High Templar  
  126  11:08  High Templar  
  126  11:09  Pylon  
  130  11:12  Probe (Chrono Boost)  
  130  11:15  Probe (Chrono Boost)  
  130  11:16  Probe (Chrono Boost)  
  125  11:20  Zealot  
  125  11:22  Zealot  
  125  11:24  Probe (Chrono Boost)  
  111  11:26  Probe (Chrono Boost)  
  111  11:28  Probe (Chrono Boost)  
  111  11:29  Archon  
  88  11:35  Probe (Chrono Boost)  
  88  11:38  Zealot, High Templar  
  88  11:39  High Templar, Probe (Chrono Boost)  
  79  11:41  Adept  
  79  11:43  Probe (Chrono Boost)  
  79  11:46  Archon  
  77  11:50  Probe (Chrono Boost)  
  54  11:57  High Templar  
  54  12:00  Zealot  
  35  12:09  High Templar, Sentry  
  32  12:18  Zealot  
  32  12:22  Probe (Chrono Boost)  
  32  12:29  Zealot  
  31  12:34  Nexus  
  31  12:36  Zealot  
  24  12:51  Pylon  
Tags
 
Composition
Zealot Archon
League
Silver
Matchup
PvZ
Opening
Pool First
Replay Pack
asfd
Spawn Locations
Cross Positions
Add a new tag
Caveats
  • Supply blocks, unpowered buildings, or Contaminate may cause inaccurate times.
  • Supply counts are checked every 10 seconds.